 Dungeon Crawl Stone Soup version 0.19.4-9-g45fd643 (webtiles) character file.

16 Gargoyl the Skirmisher (level 2, 0/27 HPs)
             Began as a Ghoul Abyssal Knight on Feb 22, 2017.
             Was a Follower of Lugonu.
             Slain by a bat (1 damage)
             ... on level 1 of the Dungeon.
             The game lasted 00:01:44 (519 turns).

Gargoyl the Skirmisher (Ghoul Abyssal Knight)        Turns: 519, Time: 00:01:45

Health: 0/27       AC:  3    Str: 15    XL:     2   Next: 58%
Magic:  2/2        EV: 11    Int:  7    God:    Lugonu [*.....]
Gold:   26         SH:  0    Dex: 14    Spells: 0 memorised, 1 level left

rFire  . . .     SeeInvis .     a - +1 hand axe
rCold  + . .     Gourm    .     b - +0 leather armour
rNeg   + + +     Faith    .     (no shield)
rPois  ∞         Spirit   .     (no helmet)
rElec  .         Reflect  .     (no cloak)
rCorr  .         Harm     .     (no gloves)
MR     .....                    (no boots)
Stlth  +.........               (no amulet)
                                (no ring)
                                f - +6 ring of dexterity (curse)

@: rotting
A: rotting body, claws 1, carnivore 3, cold resistance 1, negative energy
resistance 3, slow regeneration 1, torment resistance, unbreathing
a: Depart the Abyss, Renounce Religion


You were on level 1 of the Dungeon.
You worshipped Lugonu.
Lugonu was aware of your devotion.
You were not hungry.

You visited 1 branch of the dungeon, and saw 1 of its levels.
You visited the Abyss 1 time.

You collected 26 gold pieces.

Inventory:

Hand Weapons
 a - a +1 hand axe (weapon)
Armour
 b - a +0 leather armour (worn)
Jewellery
 f - a cursed +6 ring of dexterity (left claw)
Wands
 d - a wand of flame (28/48)
Scrolls
 h - 4 scrolls of identify
Potions
 e - a potion of invisibility {unknown}
 g - 2 potions of heal wounds {unknown}
 j - 2 potions of curing {unknown}
Comestibles
 c - a meat ration
 i - 2 chunks of flesh


   Skills:
 + Level 3.8 Fighting
 + Level 1.7 Axes
 * Level 2.0 Armour
 + Level 1.1 Dodging
 * Level 2.2 Invocations


You had one spell level left.
You didn't know any spells.

Dungeon Overview and Level Annotations

Branches:
Dungeon (1/15)

Altars:


Innate Abilities, Weirdness & Mutations

Your body is rotting away.
You thrive on raw meat.
You are immune to poison.
You have sharp fingernails.
You are carnivorous and can eat meat at any time.
Your flesh is cold resistant. (rC+)
You are immune to negative energy. (rN+++)
You regenerate slowly when monsters are visible.
You are immune to unholy pain and torment.
You can survive without breathing.


Message History

The kobold hits you but does no damage.
You barely miss the kobold. You barely miss the bat.
The bat completely misses you. The kobold barely misses you.
The kobold hits you with a short sword.
* * * LOW HITPOINT WARNING * * *
You hit the kobold but do no damage. The bat hits you but does no damage. x2
The kobold hits you with a short sword.
* * * LOW HITPOINT WARNING * * *
You hit the kobold.
The kobold is severely wounded.
You closely miss the bat. The bat closely misses you.
The bat barely misses you. The bat hits you.
* * * LOW HITPOINT WARNING * * *
The kobold hits you with a short sword.
* * * LOW HITPOINT WARNING * * *
The bat hits you but does no damage.
Eat one of 2 chunks of flesh? (ye/n/q)
You start eating one of the 2 chunks of flesh.
The bat hits you.
You die...

.[..... .## ### ... ...
... ..# ..###.###.###.#
..#.#...#.#.#.#######
..#.#.###.#.#.#..(..##
...............(.....##.
..÷.....................
#.###.###.#.#...b)....#.
#.#...#...#.#...@.....#
..###.###.###..K......#
#.......%.............#
#.......................
#.###.###.###...........
#.# #.# ..# #...#...####
#.# #.# #.# #...#....
>.. ... ... ..........
#..#.## .#.


You could see a bat and a kobold.

Vanquished Creatures
  A dart slug (D:1)
  A leopard gecko (D:1)
  7 bats (D:1)
  A goblin (D:1)
  3 kobolds (D:1)
  2 rats (D:1)
15 creatures vanquished.

Notes
Turn   | Place    | Note
-------+----------+-------------------------------------------
     0 | Abyss:1  | Gargoyl the Ghoul Abyssal Knight began the quest for the Orb.
     0 | Abyss:1  | Reached XP level 1. HP: 19/19 MP: 1/1
    50 | Abyss:1  | Found a hazy altar of Hepliaklqana.
   166 | Abyss:2  | Noticed a spatial vortex
   188 | Abyss:2  | Noticed a small abomination
   189 | D:1      | Escaped the Abyss
   242 | D:1      | Reached XP level 2. HP: 14/27 MP: 2/2
   447 | D:1      | Reached skill level 1 in Dodging
   457 | D:1      | Reached * piety under Lugonu
   518 | D:1      | HP: 1/27 [kobold/short sword (3)]
   519 | D:1      | Slain by a bat

Skill      XL: |  1  2 |
---------------+-------+-----
Dodging        | 1 |  1.1
Armour         | 2 |  2.0
Fighting       | |  3.8
Axes           | |  1.7
Invocations    | |  2.2

Action                   || total
-------------------------++-------
Melee: Hand axe          ||    40
Invok: Depart the Abyss  ||     1
  Use: Scroll            ||     2
  Eat: Chunk             ||     4
Armor: Leather armour    ||    20
Dodge: Dodged            ||    36
